 Dungeon Crawl Stone Soup version 0.28-a0-1638-g9123634e07 (webtiles) character file.

Game seed: 16764397335975893585

2190 issech the Cudgeller (level 9, -7/133 HPs)
             Began as a Troll Monk on Jan 25, 2022.
             Mangled by Duvessa (10 damage)
             ... on level 6 of the Dungeon.
             The game lasted 00:25:41 (5677 turns).

issech the Cudgeller (Troll Monk)                   Turns: 5677, Time: 00:25:42

Health: -7/133     AC: 24    Str: 21    XL:     9   Next: 12%
Magic:  8/8        EV:  1    Int:  6    God:
Gold:   157        SH:  0    Dex: 22    Spells: 8/8 levels left

rFire   . . .      SeeInvis +   w - +4 whip
rCold   . . .      Faith    .   A - orb {light}
rNeg    . . .      Spirit   .   (armour currently unavailable)
rPois   +          Reflect  .   (helmet currently unavailable)
rElec   .          Harm     .   (cloak currently unavailable)
rCorr   .          Rampage  .   (gloves unavailable)
Will    .....      NoTele   +   (boots unavailable)
Stlth   +.........              (no amulet)
HPRegen 1.12/turn               n - +6 ring of dexterity
MPRegen 0.11/turn               B - ring of see invisible

@: tree-form, glowing
A: stationary, stasis, torment immunity, boosted hp, large, unfitting armour,
(claws 3), regeneration 1, (shaggy fur 1), (tough skin 1)
a: no special abilities


You were on level 6 of the Dungeon.
You were a tree.
You visited 1 branch of the dungeon, and saw 6 of its levels.

You collected 215 gold pieces.
You spent 58 gold pieces at shops.

Inventory:

Hand Weapons
 a - a +0 mace
 e - a +3 hunting sling
 s - a +0 long sword
 w - a +4 whip (weapon)
 D - a +3 rapier
 H - a +0 scimitar of pain
 L - a +0 giant spiked club
Missiles
 c - 70 sling bullets
 h - 51 arrows
 l - 165 stones (quivered)
 v - 24 bolts
Armour
 b - a +1 robe
 i - an orb of guile
 m - the +4 ring mail "Dydaq" {rElec rCorr}
   (You found it on level 2 of the Dungeon)

   rElec:     It insulates you from electricity.
   rCorr:     It protects you from acid and corrosion.
 y - a +2 ring mail of positive energy
 A - an orb of light (worn)
 F - a +0 cloak (melded)
 I - +3 swamp dragon scales (melded)
Jewellery
 j - a ring of protection from cold
 n - a +6 ring of dexterity (left branch)
 p - an amulet of faith
 B - a ring of see invisible (right branch)
Wands
 t - a wand of mindburst (15)
 x - a wand of iceblast (7)
 G - a wand of acid (8)
Scrolls
 d - a scroll of enchant weapon
 o - a scroll of teleportation {unknown}
 J - 2 scrolls of blinking {unknown}
 M - a scroll of immolation
Potions
 f - a potion of flight {unknown}
 g - 2 potions of might {unknown}
 k - 2 potions of haste
 q - a potion of heal wounds
 r - 2 potions of lignification
 u - 3 potions of curing
 z - 2 potions of resistance
 C - a potion of magic {unknown}
 E - a potion of attraction {unknown}
 K - a potion of invisibility {unknown}
 N - a potion of cancellation {unknown}


   Skills:
 + Level 5.7 Fighting
 + Level 7.8 Maces & Flails
 + Level 1.3 Armour
 + Level 5.3 Dodging
 + Level 2.0 Stealth


You had 8 spell levels left.
You didn't know any spells.
Your spell library contained the following spells:

 Spells                   Type           Power      Damage    Failure   Level
 Sting                    Tmut/Pois      0%         1d3       45%         1
 Ensorcelled Hibernation  Hex/Ice        0%         N/A       58%         2
 Poisonous Vapours        Pois/Air       0%         N/A       58%         2
 Conjure Flame            Conj/Fire      0%         6-21      83%         3
 Ignite Poison            Fire/Tmut/Pois 0%         N/A       83%         3
 Ozocubu's Armour         Ice            0%         N/A       83%         3
 Spider Form              Tmut/Pois      0%         N/A       83%         3
 Anguish                  Hex/Necr       0%         N/A       99%         4
 Cause Fear               Hex            0%         N/A       99%         4
 Olgreb's Toxic Radiance  Pois           0%         N/A       99%         4
 Sticky Flame             Conj/Fire      0%         2d3       99%         4
 Dragon Form              Tmut           0%         N/A       100%        7
 Ozocubu's Refrigeration  Ice            0%         4d5       100%        7
 Dragon's Call            Summ           0%         N/A       100%        9


Dungeon Overview and Level Annotations

Branches:
Dungeon (6/15)
 Temple: D:4-7

Altars:

Shops:
D:5 [

Annotations:
D:6 1 runed translucent door, Duvessa; porpoise's ghost, novice DsTm


Innate Abilities, Weirdness & Mutations

You are a tree.
Your roots penetrate the ground, keeping you stationary.
You cannot be teleported.
You are immune to unholy pain and torment.
Your maximum health is greatly increased.
Your equipment is partially melded.
You are too large for most types of armour.
((You have claws for hands.))
Your natural rate of healing is unusually fast.
((You are covered in fur. (AC +1)))
((You have tough skin. (AC +1)))


Message History

Duvessa barely misses you.
Duvessa hits you with a +3 rapier of protection!
You hit Duvessa.
Duvessa is moderately wounded.
Duvessa hits you with a +3 rapier of protection!
You hit Duvessa.
Duvessa is heavily wounded.
Duvessa hits you but does no damage. Duvessa barely misses you.
Duvessa hits you with a +3 rapier of protection!
* * * LOW HITPOINT WARNING * * *
Duvessa rages.
Duvessa hits you with a +3 rapier of protection.
* * * LOW HITPOINT WARNING * * *
You turn into a tree.
Your +0 cloak melds into your body.
Your +3 swamp dragon scales melds into your body.
Your roots penetrate the ground.
Duvessa hits you with a +3 rapier of protection.
* * * LOW HITPOINT WARNING * * *
You hit Duvessa.
Duvessa is heavily wounded.
Duvessa hits you with a +3 rapier of protection!
* * * LOW HITPOINT WARNING * * *
You hit Duvessa but do no damage.
Duvessa is heavily wounded.
Duvessa hits you with a +3 rapier of protection.
* * * LOW HITPOINT WARNING * * *
You hit Duvessa.
Duvessa is heavily wounded.
Duvessa hits you with a +3 rapier of protection.
* * * LOW HITPOINT WARNING * * *
You hit Duvessa but do no damage.
Duvessa is heavily wounded.
Duvessa hits you but does no damage.
Unknown command.
Unknown command.
You whack Duvessa!
Duvessa is severely wounded.
Duvessa hits you with a +3 rapier of protection!
You die...

########@# #.#####.## #.#
#.# #.>. #.# #.# #### #.#
#.# ######o# #.# ####
##...##.#######.####..#
##.............^.......#
#.......#######.######.#
#.......♣e......# #.#
..##.......##.##.#.# #.#
#.............##)#.# #.##
.###....#.#####.#.######...
#.#.##.# #.#..........
#.#.##.# #.#######.### #
#.##.# #.# #.... #.>..# #.#
##### ###### #.#


You could see Duvessa (berserk, fast).

Vanquished Creatures
  Maggie (D:6)
  Prince Ribbit (D:6)
  Grinder (D:3)
  Eustachio (D:4)
  Menkaure (D:5)
  A sky beast (D:6)
  3 ogres
  Blork the orc (D:5)
  A scorpion (D:5)
  Dowan (D:6)
  A centaur zombie (D:6)
  An orc priest (D:6)
  3 hounds
  A jelly (D:3)
  A bullfrog skeleton (D:5)
  A bullfrog zombie (D:6)
  2 iguanas
  4 orc wizards
  2 scorpion zombies
  Ijyb (D:2)
  A hound skeleton (D:5)
  11 adders
  6 gnolls
  A white imp (D:5)
  2 ufetubi
  2 adder skeletons (D:4)
  2 worms
  3 dart slugs (D:1)
  10 orcs
  2 endoplasms
  7 giant cockroaches
  5 goblins
  9 hobgoblins
  2 jackals (D:5)
  6 kobolds
  4 quokkas
  7 ball pythons
  7 bats
  2 frilled lizards (D:2)
  7 rats
125 creatures vanquished.

Vanquished Creatures (others)
  2 plants (D:4)
2 creatures vanquished.

Grand Total: 127 creatures vanquished

Notes
Turn   | Place    | Note
-------+----------+-------------------------------------------
     0 | D:1      | issech the Troll Monk began the quest for the Orb.
     0 | D:1      | Reached XP level 1. HP: 22/22 MP: 0/0
   268 | D:1      | Reached XP level 2. HP: 29/29 MP: 1/1
   439 | D:1      | Reached skill level 3 in Maces & Flails
   571 | D:1      | Found a faded altar of an unknown god.
   680 | D:2      | Reached XP level 3. HP: 14/36 MP: 2/2
   835 | D:2      | Identified the +4 ring mail "Dydaq" {rElec rCorr}
  1094 | D:2      | Reached XP level 4. HP: 45/45 MP: 3/3
  1489 | D:3      | Noticed Ijyb
  1561 | D:2      | Killed Ijyb
  1605 | D:3      | Reached skill level 4 in Maces & Flails
  1605 | D:3      | Reached XP level 5. HP: 43/53 MP: 4/4
  1872 | D:3      | Noticed Grinder
  1872 | D:3      | Paralysed by Grinder for 5 turns
  1900 | D:3      | Paralysed by Grinder for 2 turns
  1978 | D:3      | Killed Grinder
  1979 | D:3      | Reached XP level 6. HP: 32/62 MP: 5/5
  2976 | D:4      | Reached skill level 5 in Maces & Flails
  3282 | D:4      | Reached XP level 7. HP: 32/68 MP: 6/6
  3491 | D:5      | Entered Level 5 of the Dungeon
  3568 | D:5      | Noticed Eustachio
  3735 | D:4      | Killed Eustachio
  3922 | D:5      | Found Toufo's Armour Boutique.
  4335 | D:5      | Reached skill level 6 in Maces & Flails
  4394 | D:5      | Noticed Menkaure
  4477 | D:5      | Killed Menkaure
  4478 | D:5      | Reached XP level 8. HP: 60/79 MP: 7/7
  4766 | D:6      | Noticed Blork the orc
  4823 | D:6      | Noticed Maggie
  4874 | D:5      | Bought a +0 cloak for 58 gold pieces
  4941 | D:5      | Killed Blork the orc
  4970 | D:6      | Killed Maggie
  4971 | D:6      | Reached skill level 5 in Fighting
  4971 | D:6      | Reached skill level 7 in Maces & Flails
  4971 | D:6      | Reached skill level 5 in Dodging
  5507 | D:6      | Found a runed translucent door.
  5507 | D:6      | Noticed porpoise's ghost (novice DsTm)
  5552 | D:6      | Noticed Prince Ribbit
  5568 | D:6      | Killed Prince Ribbit
  5569 | D:6      | Reached skill level 1 in Armour
  5569 | D:6      | Reached XP level 9. HP: 85/89 MP: 8/8
  5637 | D:6      | Noticed Dowan
  5640 | D:6      | Noticed Duvessa
  5659 | D:6      | Killed Dowan
  5674 | D:6      | HP: 5/133 [Duvessa (5)]
  5675 | D:6      | HP: 1/133 [Duvessa (4)]
  5677 | D:6      | Mangled by Duvessa

Illustrated notes

Levels and vault maps discovered:
D:1:      wander_arrival_chamber, layout_basic,
          shapermc_ecumenical_altar_notcrosses
D:2:      layout_loops_ring, minmay_joined_circles
D:3:      layout_rooms, chequers_big_river, uniq_grinder, uniq_ijyb
D:4:      layout_basic, guppyfry_early_lair_pool
D:5:      layout_gridville, serial_shops, nicolae_take_the_stairs,
          uniq_eustachio, uniq_menkaure
D:6:      layout_loops_ring, ebering_ghost_inner_flame, hangedman_decor_lopped,
          uniq_maggie, uniq_prince_ribbit1, uniq_blork_the_orc, uniq_duvessa

Skill      XL: |  1  2  3  4  5  6  7  8 |
---------------+-------------------------+-----
Maces & Flails | 3 4 5 6 7 |  7.8
Fighting       | 3 4 5 |  5.7
Dodging        | 3 4 5 |  5.3
Armour         | 1 |  1.3
Stealth        | 2 |  2.0

Action                   |  1- 3 |  4- 6 |  7- 9 || total
-------------------------+-------+-------+-------++-------
Melee: Mace              |   143 |     8 |       ||   151
       Punch             |     1 |     1 |     3 ||     5
       Whip              |       |   177 |   327 ||   504
  Use: Scroll            |       |       |    10 ||    10
       Potion            |       |       |     1 ||     1
 Stab: Sleeping          |       |     4 |       ||     4
Armor: Robe              |    75 |    42 |    62 ||   179
       Swamp dragon scal |       |       |    57 ||    57
       Skin              |       |       |     1 ||     1
Dodge: Dodged            |   129 |    85 |   206 ||   420

Table legend: (Time is in decaauts)
 A = Elapsed time spent in this place.
 B = Non-inter-level travel time spent in this place.
 C = Inter-level travel time spent in this place.
 D = Time resting spent in this place.
 E = Time spent auto-exploring this place.
 F = Levels seen in this place.
 G = Mean time per level.
                   A        B        C        D        E       F      G
               +--------+--------+--------+--------+--------+-----+--------+
         Total |   5651 |   5606 |     45 |    311 |   2195 |   6 |  941.8 |
       Dungeon |   5651 |   5606 |     45 |    311 |   2195 |   6 |  941.8 |
               +--------+--------+--------+--------+--------+-----+--------+

Top non-repeatable levels by time:
     D:4: 1297 daAuts
     D:5: 1046 daAuts
     D:3: 967 daAuts
     D:2: 924 daAuts
     D:6: 769 daAuts
     D:1: 646 daAuts
